Map: Romanticide LE

Players

soul - Winner!

  • Race: Terran Terran
  • League: Grandmaster

ArT

  • Race: Protoss Protoss

Event: DreamHack SC2 Masters 2021 Summer

VOD

Have the link to the VOD?

Description

Time

  • Played on: May 29, 2021, 12:09 p.m.
  • Length: 14:26

All games in this series

Show
View Real Time Build Order
Export as new Build Order

soul Terran - Winner!

Build Orders: Reaper Expand 

Get SALT Encoding   

  12  0:00  SCV  
  13  0:12  SCV  
  14  0:17  Supply Depot  
  14  0:24  SCV  
  15  0:39  SCV  
  15  0:41  Barracks  
  16  0:46  Refinery  
  16  0:51  SCV  
  17  1:03  SCV  
  18  1:15  SCV  
  19  1:28  Orbital Command  
  19  1:29  Reaper  
  20  1:41  Command Center  
  21  1:54  SCV  
  21  1:56  Supply Depot  
  21  2:01  Marine  
  21  2:06  SCV  
  21  2:08  Factory  
  23  2:14  Refinery  
  23  2:18  SCV  
  23  2:22  Bunker  
  24  2:24  Barracks Reactor  
  24  2:30  SCV  
  25  2:42  SCV  
  26  2:54  Starport, Orbital Command, Hellion  
  26  2:56  SCV  
  29  3:01  Marine  
  29  3:04  Marine  
  31  3:08  SCV  
  32  3:19  Widow Mine, Marine  
  35  3:20  SCV  
  35  3:21  SCV  
  37  3:32  SCV  
  37  3:33  SCV, Medivac, Supply Depot  
  41  3:40  Widow Mine, Marine  
  44  3:44  SCV  
  44  3:45  SCV  
  44  3:48  Supply Depot  
  46  3:54  Marine  
  47  3:56  SCV  
  47  3:57  SCV, Marine  
  50  4:03  Factory Tech Lab  
  50  4:09  SCV  
  52  4:11  Starport Tech Lab, Supply Depot  
  52  4:12  Marine  
  52  4:16  Marine  
  54  4:20  SCV  
  54  4:23  Command Center  
  54  4:24  Siege Tank  
  54  4:25  SCV  
  54  4:31  Raven  
  58  4:33  SCV  
  58  4:35  Marine  
  58  4:37  SCV  
  63  4:39  Marine, Supply Depot  
  63  4:45  SCV  
  65  4:50  SCV  
  64  4:53  Marine  
  64  4:56  Siege Tank  
  64  4:57  SCV, Marine  
  66  5:02  SCV  
  64  5:07  Refinery  
  64  5:08  Refinery  
  64  5:09  SCV  
  64  5:10  Barracks x2  
  64  5:12  Marine  
  64  5:14  SCV  
  67  5:17  Supply Depot  
  67  5:18  Marine  
  68  5:21  SCV  
  68  5:24  Engineering Bay  
  68  5:25  Engineering Bay  
  68  5:26  SCV  
  70  5:30  Marine, Siege Tank  
  70  5:33  SCV  
  75  5:37  Orbital Command, Supply Depot  
  75  5:38  SCV  
  75  5:40  Marine  
  75  5:42  Starport Reactor  
  77  5:54  Terran Infantry Weapons Level 1  
  77  5:55  Missile Turret  
  77  5:59  Terran Infantry Armor Level 1  
  77  6:00  Barracks  
  77  6:01  SCV x2, Barracks  
  79  6:04  Stimpack  
  79  6:12  Factory Reactor, Combat Shield  
  79  6:13  SCV  
  79  6:14  Orbital Command, Marauder x2  
  79  6:18  SCV  
  85  6:20  Supply Depot  
  85  6:22  Marine  
  85  6:25  SCV  
  87  6:28  Bunker  
  87  6:30  SCV  
  88  6:33  Marine  
  88  6:35  Marauder x2  
  88  6:37  SCV, Medivac x2  
  98  6:40  SCV  
  98  6:42  SCV  
  98  6:43  Supply Depot x2  
  100  6:49  SCV  
  100  6:50  Armory  
  100  6:51  Widow Mine  
  100  6:52  Widow Mine, SCV  
  106  6:54  SCV  
  106  6:55  Barracks Reactor  
  106  6:56  Barracks Tech Lab  
  106  6:59  Marauder  
  106  7:00  Marine  
  109  7:01  SCV  
  109  7:03  Marine  
  109  7:04  SCV  
  109  7:06  SCV  
  113  7:08  Refinery  
  113  7:09  Refinery  
  113  7:11  Bunker  
  113  7:14  Marine  
  113  7:15  Marauder, Supply Depot  
  116  7:19  Widow Mine  
  116  7:20  Widow Mine  
  116  7:21  Medivac  
  122  7:23  SCV x2  
  122  7:27  Medivac  
  126  7:31  Marauder  
  126  7:33  Marauder  
  126  7:36  Marauder  
  133  7:39  Ghost Academy  
  133  7:40  Supply Depot  
  133  7:41  Supply Depot  
  133  7:43  SCV  
  133  7:46  SCV  
  133  7:51  Medivac  
  136  7:53  SCV  
  136  7:54  Marine  
  136  7:55  SCV, Marauder x2  
  136  7:57  Marine, Medivac  
  148  7:58  SCV  
  148  8:01  Marine  
  148  8:05  SCV  
  151  8:06  Marine  
  151  8:07  SCV  
  151  8:12  Marine  
  148  8:14  SCV  
  155  8:20  Widow Mine x2, Command Center  
  155  8:21  Medivac  
  155  8:25  Marine  
  155  8:27  Medivac  
  158  8:30  Ghost x2  
  158  8:32  Ghost  
  158  8:33  Marine x3  
  162  8:40  Enhanced Shockwaves  
  162  8:41  Supply Depot  
  162  8:42  Supply Depot x2  
  162  8:43  Marine  
  163  8:54  Terran Infantry Weapons Level 2  
  162  8:59  Marauder  
  164  9:03  Marine  
  164  9:04  Marauder  
  164  9:05  Supply Depot  
  164  9:06  Marine, Supply Depot  
  164  9:08  Marine x3  
  164  9:09  Terran Infantry Armor Level 2  
  171  9:12  Widow Mine  
  171  9:13  Widow Mine, SCV  
  176  9:20  Marine  
  176  9:21  Marine  
  176  9:24  Ghost, Marine  
  177  9:25  Marine  
  177  9:26  Marine  
  177  9:28  Marine  
  177  9:31  Viking x2  
  185  9:34  Widow Mine x2  
  191  9:38  SCV  
  191  9:39  SCV x2, Marauder, Marine  
  197  9:51  SCV x3, Sensor Tower  
  200  9:57  Sensor Tower  
  200  9:59  Refinery  
  200  10:04  Planetary Fortress  
  200  10:05  Refinery  
  200  10:07  Starport  
  200  10:08  Fusion Core  
  200  10:10  Missile Turret  
  199  10:21  Terran Ship Weapons Level 1  
  199  10:24  Barracks x2, Missile Turret  
  199  10:25  Barracks  
  197  10:28  Command Center  
  197  10:30  Personal Cloaking  
  197  10:34  Marauder  
  199  10:40  SCV  
  200  10:46  Command Center  
  200  10:47  Starport Reactor  
  200  10:59  Advanced Ballistics  
  200  11:06  Command Center  
  200  11:13  Terran Infantry Weapons Level 3  
  196  11:26  Liberator x2  
  196  11:27  Ghost  
  199  11:46  Terran Infantry Armor Level 3  
  199  11:50  Ghost  
  197  11:56  Nuke  
  197  11:57  Ghost  
  197  12:06  Ghost  
  183  12:18  Ghost  
  183  12:20  Liberator x2  
  183  12:21  Marine  
  166  12:26  Ghost  
  166  12:28  Liberator  
  171  12:34  SCV, Planetary Fortress  
  171  12:35  Ghost  
  173  12:48  Marauder  
  173  12:51  Liberator  
  173  12:55  Marine  
  173  12:56  Orbital Command, Marauder  
  173  13:07  Liberator  
  173  13:10  Barracks Tech Lab  
  173  13:11  Barracks Tech Lab x2, Liberator  
  173  13:12  Marauder x2, Marine  
  182  13:17  Marauder  
  180  13:27  Refinery  
  180  13:28  Refinery  
  180  13:29  Missile Turret x2  
  180  13:30  Sensor Tower  
  180  13:31  Missile Turret  
  183  13:34  Marine  
  183  13:35  Marauder x4  
  183  13:37  Marine  
  183  13:38  Marauder x2, Marine x2  
  199  13:52  Marine  
  200  14:02  Marine  
  197  14:03  Marauder  
  197  14:04  Marine  
Show
View Real Time Build Order
Export as new Build Order

ArT Protoss 

Build Orders: 1 Gate Expand, Blink Stalkers 

Get SALT Encoding   

  12  0:00  Probe  
  13  0:12  Probe  
  14  0:17  Pylon  
  14  0:24  Probe (Chrono Boost)  
  15  0:36  Gateway  
  15  0:37  Probe (Chrono Boost)  
  16  0:44  Probe (Chrono Boost)  
  16  0:45  Assimilator  
  17  0:51  Probe  
  18  1:03  Probe  
  19  1:15  Probe  
  20  1:23  Nexus  
  20  1:32  Cybernetics Core  
  20  1:35  Probe  
  21  1:41  Assimilator  
  21  1:47  Probe  
  21  1:51  Pylon  
  22  1:59  Probe  
  23  2:06  Adept (Chrono Boost)  
  23  2:09  Warp Gate  
  23  2:11  Probe  
  26  2:19  Twilight Council  
  26  2:23  Probe  
  26  2:29  Stalker (Chrono Boost)  
  29  2:37  Probe (Chrono Boost)  
  31  2:45  Probe (Chrono Boost)  
  31  2:46  Probe (Chrono Boost)  
  32  2:51  Probe (Chrono Boost), Blink (Chrono Boost)  
  32  2:52  Probe  
  34  3:03  Probe  
  34  3:04  Probe  
  36  3:09  Gateway  
  36  3:13  Stalker  
  36  3:17  Probe x2  
  40  3:30  Robotics Facility  
  40  3:32  Probe x2  
  40  3:34  Pylon  
  42  3:38  Assimilator  
  42  3:44  Probe x2  
  44  3:56  Probe  
  44  3:58  Probe  
  44  4:01  Stalker  
  48  4:06  Pylon  
  48  4:08  Stalker  
  48  4:09  Probe  
  51  4:10  Probe  
  51  4:16  Nexus  
  52  4:18  Observer  
  52  4:20  Pylon  
  52  4:22  Probe  
  54  4:27  Stalker  
  54  4:29  Probe  
  57  4:32  Stalker  
  57  4:35  Probe  
  57  4:37  Forge  
  60  4:51  Stalker  
  59  4:55  Probe  
  59  4:58  Probe  
  61  5:00  Stalker  
  62  5:07  Probe, Protoss Ground Weapons Level 1 (Chrono Boost)  
  62  5:08  Pylon  
  62  5:10  Probe  
  64  5:19  Probe (Chrono Boost)  
  65  5:22  Probe (Chrono Boost)  
  65  5:23  Gateway  
  65  5:24  Gateway  
  66  5:29  Probe (Chrono Boost)  
  66  5:33  Observer, Assimilator  
  66  5:35  Gateway  
  69  5:37  Probe (Chrono Boost)  
  69  5:39  Probe (Chrono Boost), Charge  
  69  5:40  Gateway  
  70  5:42  Probe (Chrono Boost)  
  70  5:43  Sentry  
  70  5:44  Probe x2 (Chrono Boost)  
  75  5:50  Gateway  
  75  5:55  Probe, Gateway  
  76  5:57  Observer  
  76  6:00  Probe x2  
  79  6:05  Observer, Pylon  
  79  6:07  Probe  
  79  6:10  Observer  
  78  6:11  Photon Cannon  
  78  6:12  Probe  
  78  6:14  Templar Archives  
  78  6:15  Probe  
  80  6:19  Zealot, Sentry  
  80  6:20  Zealot  
  86  6:26  Probe x2  
  86  6:31  Pylon  
  88  6:37  Psionic Storm  
  87  6:40  Probe x2  
  87  6:43  Observer  
  87  6:44  Photon Cannon  
  89  6:48  Nexus  
  89  6:50  Pylon x2  
  89  6:55  Observer  
  89  6:57  Probe x2, High Templar  
  89  6:58  Probe  
  94  7:05  High Templar, Warp Prism  
  94  7:08  Observer  
  98  7:14  Probe x2  
  98  7:15  Pylon, Protoss Ground Armor Level 1 (Chrono Boost)  
  100  7:18  Photon Cannon  
  100  7:20  Shield Battery  
  100  7:23  Photon Cannon  
  99  7:35  Zealot x7  
  113  7:37  Probe  
  113  7:38  Probe x2  
  116  7:45  Observer  
  116  7:49  Probe  
  118  7:51  Probe  
  118  7:57  Pylon  
  118  7:58  High Templar x2, Zealot x4  
  121  7:59  Zealot x2  
  133  8:09  Probe (Chrono Boost)  
  133  8:10  Probe (Chrono Boost)  
  126  8:15  Probe (Chrono Boost), Assimilator  
  126  8:17  Probe (Chrono Boost)  
  126  8:18  Assimilator  
  128  8:20  Probe (Chrono Boost)  
  128  8:22  Probe (Chrono Boost)  
  128  8:23  Pylon  
  128  8:24  Probe (Chrono Boost)  
  128  8:25  Probe (Chrono Boost)  
  128  8:26  Probe (Chrono Boost)  
  123  8:30  Probe, Stalker x2  
  129  8:34  Probe  
  129  8:40  Stalker x2  
  129  8:41  Stalker x4  
  142  8:42  Probe  
  142  8:43  Probe  
  144  8:52  Probe x2  
  141  8:59  Probe  
  142  9:05  Zealot x8  
  142  9:08  Pylon  
  158  9:10  Pylon  
  158  9:15  Robotics Facility  
  158  9:17  Robotics Bay  
  158  9:19  Protoss Ground Armor Level 2 (Chrono Boost)  
  158  9:21  Probe, Observer  
  158  9:22  Probe  
  158  9:28  Forge  
  158  9:30  Probe  
  158  9:31  Observer (Chrono Boost)  
  158  9:39  Assimilator  
  158  9:42  Assimilator  
  158  9:49  Pylon  
  158  9:50  Probe x2  
  159  9:52  Nexus  
  159  9:53  Protoss Ground Weapons Level 2 (Chrono Boost)  
  159  9:54  Pylon  
  159  9:55  Probe  
  159  9:58  Photon Cannon  
  160  10:03  Probe, Disruptor x2 (Chrono Boost)  
  167  10:07  Gravitic Drive  
  167  10:15  Probe  
  168  10:22  Probe x2  
  168  10:25  Stargate  
  168  10:27  Dark Shrine  
  170  10:33  Disruptor (Chrono Boost)  
  173  10:37  Zealot x3  
  173  10:38  Zealot x5  
  173  10:40  Disruptor (Chrono Boost)  
  185  11:02  Shield Battery  
  185  11:04  Observer (Chrono Boost)  
  185  11:05  Photon Cannon  
  185  11:09  Disruptor  
  187  11:16  Zealot, Fleet Beacon  
  187  11:17  Stargate  
  179  11:25  Observer  
  179  11:33  Archon  
  179  11:35  Warp Prism  
  181  11:41  Shadow Stride  
  179  12:04  Tempest x2  
  185  12:09  Zealot  
  185  12:10  Zealot x5  
  187  12:20  Nexus  
  141  12:36  Zealot x2, Stalker x2  
  141  12:37  Zealot x4  
  139  13:01  Observer, Tempest x2  
  149  13:09  Nexus  
  149  13:10  Probe x2  
  149  13:12  Pylon  
  151  13:14  Assimilator  
  151  13:16  Pylon  
  151  13:17  Assimilator x2, Stalker x5  
  151  13:19  Assimilator  
  151  13:24  Observer  
  151  13:31  Photon Cannon  
  149  13:37  Stalker x2  
  149  13:38  Stalker  
  153  13:43  Photon Cannon  
  153  13:49  Shield Battery, Dark Templar  
  153  13:50  Zealot x4  
  140  14:03  Stalker x3  
Tags
 
Add a new tag
Caveats
  • Supply blocks, unpowered buildings, or Contaminate may cause inaccurate times.
  • Supply counts are checked every 10 seconds.